 Dungeon Crawl Stone Soup version 0.31-a0-175-g9f7f995f2b (webtiles) character file.

Game seed: 3745376425106774326

987 Barriton the Firebug (level 7, -7/51 HPs)
             Began as a Black Draconian Fire Elementalist on June 13, 2023.
             Mangled by a gnoll sergeant
             ... wielding a +6 trident of pain
              (18 damage)
             ... on level 5 of the Dungeon on June 16, 2023.
             The game lasted 00:09:58 (6695 turns).

Barriton the Firebug (DrFE)                         Turns: 6695, Time: 00:09:59

Health: -7/51      AC:  9    Str: 14    XL:     7   Next: 97%
Magic:  2/14       EV: 12    Int: 18    God:
Gold:   379        SH:  0    Dex: 11    Spells: 13/16 levels left

rFire   . . .        n - staff of conjuration "Raes" {Fly rCorr Str-2}
rCold   . . .        (no shield)
rNeg    . . .        (body armour unavailable)
rPois   .            (helmet restricted)
rElec   +            (no cloak)
rCorr   +            l - +2 pair of gloves
SInv    .            (no boots)
Will    .....        (no amulet)
Stlth   ++           d - ring of flight
HPRegen 0.28/turn    p - +6 ring of strength
MPRegen 0.14/turn

%: no passive effects
@: lethally poisoned (-7 -> -11), flying
A: breathe lightning, AC +6, unfitting armour, electricity resistance,
cold-blooded
a: Breathe Lightning


You were on level 5 of the Dungeon.
You visited 1 branch of the dungeon, and saw 5 of its levels.

You collected 379 gold pieces.

Inventory:

Armour
 l - a +2 pair of gloves (worn)
Magical Staves
 n - the staff of conjuration "Raes" (weapon) {Fly rCorr Str-2}
   (You found it on level 3 of the Dungeon)

   [staff of conjuration]

   Base accuracy: +5 Base damage: 5 Base attack delay: 1.2 This weapon's minimum
   attack delay (0.6) is reached at skill level 12.
   Str:       It affects your strength (-2).
   Fly:       It grants you flight.
   rCorr:     It protects you from acid and corrosion.
   It falls into the 'Staves' category.
   It is a one-handed weapon.
Jewellery
 d - a ring of flight (left hand)
 p - a +6 ring of strength (right hand)
Wands
 j - a wand of paralysis (4)
Scrolls
 f - a scroll of identify
 h - a scroll of teleportation
 t - a scroll of immolation
 u - a scroll of fog
Potions
 a - a potion of magic
 b - a potion of haste {unknown}
 c - a potion of curing {unknown}
 e - a potion of brilliance {unknown}
 g - 3 potions of invisibility
 i - 4 potions of attraction
 k - a potion of mutation {unknown}
 m - a potion of enlightenment {unknown}
 o - a potion of heal wounds
 q - 3 potions of degeneration
 s - a potion of lignification {unknown}


   Skills:
 + Level 0.5 Fighting
 + Level 1.2 Staves
 + Level 2.6 Dodging
 + Level 2.8 Stealth
 + Level 1.0 Unarmed Combat
 + Level 5.2 Spellcasting
 + Level 2.6 Conjurations
 + Level 5.5 Fire Magic
 * Level 2.9 Evocations


You had 13 spell levels left.
You knew the following spells:

 Your Spells              Type           Power      Damage    Failure   Level
a - Foxfire               Conj/Fire      100%       2x1d9     2%          1
b - Scorch                Fire           48%        2d7       1%          2

Your spell library contained the following spells:

 Spells                   Type           Power      Damage    Failure   Level
 Inner Flame              Hex/Fire       14%        N/A       12%         3
 Volatile Blastmotes      Fire/Tloc      28%        2d12      12%         3
 Slow                     Hex            16%        N/A       13%         1
 Sting                    Tmut/Pois      16%        1d3       13%         1
 Poisonous Vapours        Pois/Air       8%         N/A       21%         2
 Hailstorm                Conj/Ice       14%        3d5       22%         3
 Flame Wave               Conj/Fire      29%        2d9       24%         4
 Confusing Touch          Hex            4%         N/A       36%         3
 Vampiric Draining        Necr           4%         2d6       36%         3
 Ice Form                 Ice/Tmut       4%         N/A       78%         4
 Olgreb's Toxic Radiance  Pois           4%         N/A       78%         4
 Simulacrum               Ice/Necr       2%         N/A       100%        6


Dungeon Overview and Level Annotations

Branches:
Dungeon (5/15)             Temple (0/1) D:5

Altars:
Hepliaklqana
Kikubaaqudgha
Ru


Innate Abilities, Weirdness & Mutations

You can breathe wild blasts of lightning.
Your glossy black scales are hard. (AC +6)
You cannot fit into any form of body armour.
You are resistant to electric shocks. (rElec)
You are cold-blooded and may be slowed by cold attacks.


Message History

Flames lash the gnoll.
You kill the gnoll!
You feel very sick.
The gnoll sergeant hits you from afar with a +6 trident of pain!
* * * LOW HITPOINT WARNING * * *
You feel much better.
You feel very sick.
The gnoll sergeant hits you from afar with a +6 trident of pain!
You writhe in agony.
Casting: Scorch (safe; 1% risk of failure)
Confirm with . or Enter, or press ? or * to list all spells.
Flames lash the gnoll sergeant.
The gnoll sergeant is moderately wounded.
The gnoll sergeant's fire resistance burns away.
You feel very sick.
The gnoll sergeant completely misses you.
Casting: Scorch (safe; 1% risk of failure)
Confirm with . or Enter, or press ? or * to list all spells.
Flames lash the gnoll.
The gnoll is heavily wounded.
The gnoll's fire resistance burns away.
You feel sick.
The gnoll sergeant hits you from afar with a +6 trident of pain!
* * * LOW HITPOINT WARNING * * *
Okay, then.
Casting: Scorch (safe; 1% risk of failure)
Confirm with . or Enter, or press ? or * to list all spells.
Flames lash the gnoll.
The gnoll is heavily wounded.
The gnoll's fire resistance burns away.
You feel sick.
An iguana comes into view.
The gnoll sergeant hits you but does no damage.
Casting: Scorch (safe; 1% risk of failure)
Confirm with . or Enter, or press ? or * to list all spells.
Flames lash the gnoll.
The gnoll is burned terribly!
You kill the gnoll!
The iguana hisses angrily.
You feel sick.
An orc wizard comes into view. It is wielding a +0 dagger.
The gnoll sergeant hits you from afar with a +6 trident of pain!!
You die...

... ...# # ### ..... .#
+.## .....#####.# #..#
#....l....### ..#.
#....)go....# ###..#
#...##g#...## #..... #.
#)# ### ###..#. #@#
#..##.# #.# ###..##.
#########.######
#..#####
##.....##.....#.# ###..#
# ##...............#
#..###
#..............>.####..#
#...........(...)##..###
#................###.ยง#
#................#..###


You could see a gnoll sergeant (combustible), an iguana, an orc wizard and a
gnoll (combustible).

Vanquished Creatures
  An ogre (D:4)
  A phantom (D:4)
  3 necrophages (D:4)
  2 scorpions (D:5)
  A bullfrog zombie (D:4)
  A human zombie (D:4)
  2 hounds
  A jelly (D:5)
  2 sleepcaps
  2 scorpion zombies (D:4)
  An iguana (D:4)
  A hound zombie (D:4)
  2 gnolls (D:5)
  12 adders
  4 adder zombies (D:4)
  A worm (D:3)
  2 dart slugs (D:1)
  3 orcs
  6 ball pythons
  11 endoplasms
  4 giant cockroaches
  7 hobgoblins
  10 jackals
  11 kobolds
  6 quokkas
  4 bats
  5 frilled lizards
  8 goblins
  4 rats
118 creatures vanquished.

Vanquished Creatures (collateral kills)
  7 foxfires (D:1)
7 creatures vanquished.

Vanquished Creatures (others)
  195 foxfires
195 creatures vanquished.

Grand Total: 320 creatures vanquished

Notes
Turn   | Place    | Note
-------+----------+-------------------------------------------
     0 | D:1      | Barriton the Draconian Fire Elementalist began the quest
                  | for the Orb.
     0 | D:1      | Reached XP level 1. HP: 14/14 MP: 3/3
   264 | D:1      | Upgraded the game from 0.31-a0-164-g2312942fda to
                  | 0.31-a0-175-g9f7f995f2b
   278 | D:1      | Reached XP level 2. HP: 2/20 MP: 1/5
   279 | D:1      | HP: 1/20 [giant cockroach (2)]
   669 | D:1      | Learned a level 2 spell: Scorch
   789 | D:1      | Reached XP level 3. HP: 26/26 MP: 3/6
  1612 | D:2      | Reached XP level 4. HP: 14/33 MP: 1/7
  1743 | D:2      | Found a hazy altar of Hepliaklqana.
  1979 | D:2      | Reached skill level 1 in Unarmed Combat
  2780 | D:3      | Identified the staff of conjuration "Raes" {Fly rCorr
                  | Str-2}
  3596 | D:3      | Reached XP level 5. HP: 38/38 MP: 5/9
  3942 | D:4      | Noticed an ogre
  3947 | D:4      | Killed an ogre
  3948 | D:4      | Reached skill level 1 in Staves
  3948 | D:4      | Reached skill level 1 in Evocations
  3948 | D:4      | Reached XP level 6. HP: 46/46 MP: 3/10
  4066 | D:4      | Found a sacrificial altar of Ru.
  4829 | D:4      | Your scales start taking on a glossy black colour.
  4829 | D:4      | Reached XP level 7. HP: 51/51 MP: 4/13
  4829 | D:4      | Gained mutation: You are resistant to electric shocks.
                  | (rElec) [Black Draconian growth]
  4997 | D:4      | Reached skill level 5 in Fire Magic
  5054 | D:4      | Found an ancient bone altar of Kikubaaqudgha.
  6163 | D:5      | Entered Level 5 of the Dungeon
  6184 | D:5      | Reached skill level 5 in Spellcasting
  6619 | D:5      | Found a staircase to the Ecumenical Temple.
  6695 | D:5      | Mangled by a gnoll sergeant

Illustrated notes

Levels and vault maps discovered:
D:1:      amcnicky_arrival_underground_garden, layout_loops_ring, serial_forest,
          infiniplex_forest_end_1, infiniplex_forest_lined_room_3,
          infiniplex_forest_straight_4, infiniplex_forest_lined_2,
          infiniplex_forest_clump_large, infiniplex_forest_3_way,
          infiniplex_forest_lined_1
D:2:      layout_basic, basic_altar
D:3:      minmay_thinvault, layout_loops_corners
D:4:      layout_layer_cave, lemuel_mausoleum_altar_kikubaaqudgha,
          kennysheep_mini_moat
D:5:      minmay_razor_zed, layout_rooms, hangedman_decor_lopped,
          hangedman_decor_slide_cut

Skill      XL: |  1  2  3  4  5  6  7 |
---------------+----------------------+-----
Stealth        | 2 |  2.8
Dodging        | 2 |  2.6
Unarmed Combat | 1 |  1.0
Fire Magic     | 4 5 |  5.5
Staves         | 1 |  1.2
Spellcasting   | 3 4 5 |  5.2
Evocations     | 1 2 |  2.9
Conjurations   | 2 |  2.6
Fighting       | |  0.5

Action                     |  1- 3 |  4- 6 |  7- 9 || total
---------------------------+-------+-------+-------++-------
  Melee: Unarmed           |   213 |    22 |       ||   235
         Tailslap          |    27 |     4 |     1 ||    32
         Punch             |     4 |       |       ||     4
         Staff             |       |    30 |     7 ||    37
   Cast: Foxfire           |    50 |    50 |    39 ||   139
         Scorch            |    15 |    46 |    42 ||   103
    Use: Scroll            |     3 |     2 |     4 ||     9
         Potion            |       |       |     1 ||     1
   Stab: Sleeping          |     1 |       |       ||     1
 Armour: Skin              |    67 |    44 |    11 ||   122
  Dodge: Dodged            |   133 |    50 |    14 ||   197

Table legend: (Time is in decaauts)
 A = Elapsed time spent in this place.
 B = Non-inter-level travel time spent in this place.
 C = Inter-level travel time spent in this place.
 D = Time resting spent in this place.
 E = Time spent auto-exploring this place.
 F = Levels seen in this place.
 G = Mean time per level.
                   A        B        C        D        E       F      G
               +--------+--------+--------+--------+--------+-----+--------+
         Total |   6702 |   6557 |    145 |      0 |   5622 |   5 | 1340.4 |
       Dungeon |   6702 |   6557 |    145 |      0 |   5622 |   5 | 1340.4 |
               +--------+--------+--------+--------+--------+-----+--------+

Top non-repeatable levels by time:
     D:4: 2466 daAuts
     D:1: 1503 daAuts
     D:3: 1303 daAuts
     D:2: 897 daAuts
     D:5: 532 daAuts
